 Dungeon Crawl Stone Soup version 0.31-a0-977-gc230f8ef24 (webtiles) character file.

Game seed: 7175314706850380608

94 tsujin the Ruffian (level 4, 0/34 HPs)
             Began as a Demonspawn Shapeshifter on Oct 29, 2023.
             Slain by an orc
             ... wielding a +0 mace
              (6 damage)
             ... on level 3 of the Dungeon.
             The game lasted 00:02:36 (2003 turns).

tsujin the Ruffian (Demonspawn Shapeshifter)        Turns: 2003, Time: 00:02:37

Health: 0/34       AC:  5    Str: 17    XL:     4   Next: 38%
Magic:  4/4        EV: 11    Int: 11    God:
Gold:   70         SH:  0    Dex: 12    Spells: 3/3 levels left

rFire   . .          .
                       - Unarmed
rCold   . . .        (no shield)
rNeg    . . .        l - +0 ring mail
rPois   .            (helmet currently unavailable)
rElec   .            (cloak currently unavailable)
rCorr   .            (gloves currently unavailable)
SInv    .            (boots currently unavailable)
Will    .....        (no amulet)
Stlth   +            (no ring)
HPRegen 0.25/turn    (no ring)
MPRegen 0.09/turn

%: no passive effects
@: beast-form, attractive
A: beast (slay +1), powered by pain 1
a: Begin Untransformation


You were on level 3 of the Dungeon.
You were a hulking beast.
You visited 1 branch of the dungeon, and saw 3 of its levels.

You collected 70 gold pieces.

Inventory:

Armour
 l - a +0 ring mail (worn)
Talismans
 c - a beast talisman
 d - a flux talisman
Scrolls
 a - a scroll of teleportation
 i - a scroll of acquirement {unknown}
 j - a scroll of noise {unknown}
 k - a scroll of enchant armour {unknown}
Potions
 b - 2 potions of lignification
 f - a potion of attraction


   Skills:
 + Level 2.4 Fighting
 + Level 0.6 Armour
 - Level 1.7 Dodging
 + Level 3.4 Unarmed Combat
 + Level 3.3 Shapeshifting


You had 3 spell levels left.
You didn't know any spells.
Your spell library contained the following spells:

 Spells                   Type           Power      Damage    Failure   Level
 Summon Small Mammal      Summ           0%         N/A       54%         1
 Lesser Beckoning         Tloc           0%         N/A       69%         2
 Call Canine Familiar     Summ           0%         N/A       89%         3
 Gell's Gravitas          Tloc           0%         N/A       89%         3
 Summon Guardian Golem    Hex/Summ       0%         N/A       89%         3
 Teleport Other           Tloc           0%         N/A       89%         3


Dungeon Overview and Level Annotations

Branches:
Dungeon (3/15)

Altars:


Innate Abilities, Weirdness & Mutations

You are a hulking beast.
Your limbs bulge with bestial killing power. (Slay +1)
You sometimes gain a little power by taking damage.


Message History

You take 6 damage, and have 2/27 hp.
MASSIVE DAMAGE!!
You feel much better. The orc hits you but does no damage.
The orc priest misses you.
The orc priest hits you but does no damage.
The goblin hits you but does no damage.
You regained 20 hp, and now have 22/27 hp.
You hit the orc priest.
The orc priest is almost dead.
The orc priest hits you with a +0 club. x2; The orc barely misses you.
The goblin hits you with a +0 dagger.
You take 7 damage, and have 15/27 hp.
MASSIVE DAMAGE!!
You closely miss the orc priest.
The orc priest is almost dead.
The orc barely misses you.
The orc priest invokes the aid of Beogh against you.
Beogh smites you!
The orc priest looks braver for a moment.
The goblin hits you but does no damage.
You take 6 damage, and have 9/27 hp.
MASSIVE DAMAGE!!
You punch the orc priest!
You kill the orc priest!
The orc priest closely misses you. The goblin hits you but does no damage.
The orc hits you but does no damage.
You have reached level 4!
You feel stronger.
You regained 2 hp, and now have 11/34 hp.
MP restored: 4 You hit the orc priest.
The orc priest is moderately wounded.
The orc priest looks encouraged for a moment.
The orc hits you with a +0 mace.
* * * LOW HITPOINT WARNING * * *
The goblin closely misses you. The frilled lizard misses you.
You take 5 damage, and have 6/34 hp.
You hit the orc priest but do no damage.
The orc priest is moderately wounded.
The orc priest hits you with a +0 club.
* * * LOW HITPOINT WARNING * * *
The orc hits you with a +0 mace.
You die...

#..#...#####.###. #.#
##.).####. #.#..#..
...... ..# #.........
#.##.#<.
###.#.#######.........
. ..#..#
#................###.
# ####..###
#......######...##
...#..###.##########
..... #.......#
......###.#####.#
....$.ohgo#
....."#lo....... #.##.
#.....#### # .........
##.....### .....##
####.## .#


You could see an orc priest, 2 orcs, a goblin and a frilled lizard.

Vanquished Creatures
  An orc priest (D:3)
  An adder (D:2)
  4 dart slugs
  3 orcs (D:3)
  5 endoplasms
  3 giant cockroaches
  4 hobgoblins
  2 jackals (D:1)
  A quokka (D:1)
  3 ball pythons
  2 bats
  3 frilled lizards
  5 goblins
  A kobold (D:1)
  3 rats
41 creatures vanquished.

Notes
Turn   | Place    | Note
-------+----------+-------------------------------------------
     0 | D:1      | tsujin the Demonspawn Shapeshifter began the quest for the
                  | Orb.
     0 | D:1      | Reached XP level 1. HP: 15/15 MP: 1/1
   101 | D:1      | Gained mutation: You sometimes gain a little power by
                  | taking damage. [demonic ancestry]
   101 | D:1      | Reached XP level 2. HP: 21/21 MP: 2/2
   694 | D:1      | Reached XP level 3. HP: 26/27 MP: 3/3
  1817 | D:2      | Found a faded altar of an unknown god.
  1993 | D:3      | HP: 1/27 [goblin/+0 dagger (1)]
  2002 | D:3      | Reached XP level 4. HP: 11/34 MP: 4/4
  2003 | D:3      | Slain by an orc

Illustrated notes

Levels and vault maps discovered:
D:1:      tarquinn_simple_flora_water_a, layout_loops_ring
D:2:      layout_loops_corners, ebering_ecumenical_altar_sacrificial
D:3:      layout_loops_ring, makhleb_altar_promises_db, uniq_natasha

Skill      XL: |  1  2  3 |
---------------+----------+-----
Unarmed Combat | 3 |  3.4
Shapeshifting  | 3 |  3.3
Fighting       | 2 |  2.4
Armour         | |  0.6
Dodging        | |  1.7

Action                     |  1- 3 |  4- 6 || total
---------------------------+-------+-------++-------
  Melee: Unarmed           |   151 |     2 ||   153
         Punch             |     3 |       ||     3
    Use: Scroll            |     3 |       ||     3
         Potion            |     5 |       ||     5
   Stab: Sleeping          |     2 |       ||     2
         Distracted        |     1 |       ||     1
 Armour: Animal skin       |    45 |       ||    45
         Ring mail         |    51 |     3 ||    54
  Dodge: Dodged            |   117 |     2 ||   119

Table legend: (Time is in decaauts)
 A = Elapsed time spent in this place.
 B = Non-inter-level travel time spent in this place.
 C = Inter-level travel time spent in this place.
 D = Time resting spent in this place.
 E = Time spent auto-exploring this place.
 F = Levels seen in this place.
 G = Mean time per level.
                   A        B        C        D        E       F      G
               +--------+--------+--------+--------+--------+-----+--------+
         Total |   1993 |   1980 |     13 |      0 |   1629 |   3 |  664.3 |
       Dungeon |   1993 |   1980 |     13 |      0 |   1629 |   3 |  664.3 |
               +--------+--------+--------+--------+--------+-----+--------+

Top non-repeatable levels by time:
     D:2: 968 daAuts
     D:1: 917 daAuts
     D:3: 107 daAuts
